 Dungeon Crawl Stone Soup version 0.21-a0-421-gfc1ce30 (webtiles) character file.

232448 grizmgrazm2 the Hoplite (level 18, -5/161 HPs)
             Began as a Minotaur Fighter on Nov 4, 2017.
             Was the Champion of Okawaru.
             Slain by an ironbrand convoker
             ... wielding a +0 great mace
              (24 damage)
             ... while paralysed by a great orb of eyes
             ... on level 2 of the Vaults.
             The game lasted 02:16:53 (31049 turns).

grizmgrazm2 the Hoplite (Minotaur Fighter)         Turns: 31049, Time: 02:16:53

Health: -5/161     AC: 24    Str: 23    XL:     18   Next: 82%
Magic:  0/22       EV:  2    Int:  5    God:    Okawaru [******]
Gold:   1944       SH:  0    Dex: 13    Spells: 17/17 levels left

rFire    . . .     SeeInvis +   o - +4 demon blade (flame)
rCold    + . .     Gourm    .   S - +8 large shield {reflect}
rNeg     + . .     Faith    .   O - +0 plate armour of Peurygi {rElec rN+ rCorr Dex-3 Stlth+}
rPois    +         Spirit   +   (helmet restricted)
rElec    +         Reflect  +   w - scarf "Wucyhog" {Regen+}
rCorr    +         Harm     .   a - +0 pair of gloves of Tyti {rPois rC+}
MR       +....                  L - +1 pair of boots {run}
Stlth    ..........             T - amulet of guardian spirit
HPRegen  0.76/turn              J - ring of poison resistance
MPRegen  0.18/turn              R - ring of see invisible

@: paralysed, marked, quick
A: retaliatory headbutt, horns 2, repulsion field 1, molten scales 1, thin
metallic scales 1, low mp 1
}: 1/15 runes: serpentine
a: Heroism, Finesse, Renounce Religion


You were on level 2 of the Vaults.
You worshipped Okawaru.
Okawaru was exalted by your worship.
You were not hungry.

You visited 5 branches of the dungeon, and saw 29 of its levels.
You also visited: Sewer and Ice Cave.

You collected 3845 gold pieces.
You spent 1901 gold pieces at shops.

Inventory:

Hand Weapons
 d - the +6 triple sword of Zoisuisi {slice, *Slow rF+ Dex+2, unknown}
   (Okawaru gifted it to you on level 1 of the Vaults)

   It inflicts extra damage upon your enemies.
   It affects your dexterity (+2).
   It protects you from fire.
   It may slow you when you take damage.
 n - a +1 double sword of protection
 o - a +4 demon blade of flaming (weapon)
 p - a +6 falchion of slicing
Armour
 a - the +0 pair of gloves of Tyti (worn) {rPois rC+}
   (You found it in an ice cave)

   It protects you from cold.
   It protects you from poison.
 l - a +0 pair of gloves of strength
 w - the scarf "Wucyhog" (worn) {Regen+}
   (Okawaru gifted it to you on level 15 of the Dungeon)

   It increases your rate of regeneration.
 K - a +2 cloak of poison resistance
 L - a +1 pair of boots of running (worn)
 O - the +0 plate armour of Peurygi (worn) {rElec rN+ rCorr Dex-3 Stlth+}
   (Okawaru gifted it to you on level 9 of the Dungeon)

   It affects your dexterity (-3).
   It insulates you from electricity.
   It protects you from negative energy.
   It protects you from acid and corrosion.
   It makes you more stealthy.
 S - a +8 large shield of reflection (worn)
Jewellery
 b - an uncursed amulet of the gourmand
 E - an uncursed ring of ice
 I - a +4 ring of protection
 J - a ring of poison resistance (left hand)
 R - a ring of see invisible (right hand)
 T - an amulet of guardian spirit (around neck)
 W - an uncursed ring of protection from magic
Wands
 k - a wand of lightning (12/15)
 q - a wand of lightning (5/15)
 r - a wand of polymorph (9/24)
 v - a wand of flame (32/48)
 y - a wand of enslavement (14/24)
 z - a wand of paralysis (7/24)
 D - a wand of acid (8/15)
 F - a wand of disintegration (16/24)
 N - a wand of confusion (30/48)
 P - a wand of iceblast (5/15)
 U - a wand of acid (9/15)
 X - a wand of clouds (6/9)
 Y - a wand of confusion (12/48)
Scrolls
 c - a scroll of fear
 h - 2 scrolls of remove curse
 i - a scroll of fog
 j - 9 scrolls of teleportation
 s - 6 scrolls of magic mapping
 t - 6 scrolls of blinking
 u - a scroll of identify
 G - a scroll of amnesia
 Q - a scroll of holy word
Potions
 e - a potion of heal wounds
 A - a potion of cancellation
 C - a potion of flight
 H - a potion of might
 Z - a potion of invisibility
Books
 B - Lom Lobon's Handbook of Battle Magic
   (You found it on level 1 of the Vaults)

   Spells                             Type                      Level
   a - Flame Tongue                   Conjuration/Fire             1
   b - Static Discharge               Conjuration/Air              3
   c - Sticky Flame                   Conjuration/Fire             4
   d - Fireball                       Conjuration/Fire             5
   e - Spellforged Servitor           Conjuration/Summoning        7
Miscellaneous
 M - a box of beasts
Comestibles
 f - 20 bread rations
 m - 13 meat rations
 x - 5 royal jellies


   Skills:
 + Level 14.4 Fighting
 + Level 21.1 Long Blades
   Level 3.1(4.2) Axes
   Level 4.2(4.8) Polearms
 + Level 1.5 Throwing
 + Level 14.1 Armour
 + Level 5.4 Dodging
 + Level 0.9 Stealth
 + Level 22.6 Shields
 + Level 10.1 Invocations
 + Level 0.6 Evocations


You had 17 spell levels left.
You didn't know any spells.

Dungeon Overview and Level Annotations

Branches:
Dungeon (15/15)            Temple (0/1) D:5            Lair (6/6) D:10
 Shoals (0/4) Lair:2        Snake (4/4) Lair:2        Slime (0/5) Lair:6
    Orc (2/2) D:12            Elf (0/3) Orc:2        Vaults (2/5) D:13
  Crypt (0/3) Vaults:2     Depths (0/5) D:15

Altars:
Ashenzari
Dithmenos
Gozag
Kikubaaqudgha
Nemelex Xobeh
Okawaru
Ru
Sif Muna
Trog
Vehumet
Xom
Zin
The Shining One
Beogh
Jiyva

Shops:
D:6 ([!(   D:9 *   Orc:2 }?(!   Snake:3 ?   Snake:4 =}=   Vaults:1 [

Portals:
Pandemonium: Orc:2


Innate Abilities, Weirdness & Mutations

You reflexively headbutt those who attack you in melee.
You have a pair of horns on your head.
You are surrounded by a mild repulsion field. (EV +2)
You are partially covered in molten scales. (AC +2)
You are partially covered in thin metallic scales. (AC +2)
Your magical capacity is low. (-10% MP)


Message History

The ironbrand convoker hits you but does no damage.
The great orb of eyes bites you but does no damage.
The ironbrand convoker hits you with a great mace!
The ironbrand convoker barely misses you.
The great orb of eyes bites you!
The ironbrand convoker hits you with a great mace!
The ironbrand convoker hits you with a dire flail!
The great orb of eyes bites you!
The ironbrand convoker hits you with a great mace!!
* * * LOW HITPOINT WARNING * * *
The ironbrand convoker hits you with a dire flail!
* * * LOW HITPOINT WARNING * * *
The great orb of eyes bites you!
* * * LOW HITPOINT WARNING * * *
The ironbrand convoker hits you with a dire flail.
* * * LOW HITPOINT WARNING * * *
The great orb of eyes bites you!
* * * LOW HITPOINT WARNING * * *
The ironbrand convoker hits you with a great mace!!
You die...

############# #...........#
#...........# #.........[.#
#...........########
#...........'..@p..#*********
#...........#..Gp..#,,,,,,,,*
##'###########......+,,,,,,,,*
....# #..(...#,,,,,,,,* ....#
*******#......#,,,,,,,,* ....#
*,,,,,,+......#,,,,,,,,* ....#
*,,,,,,#......#,,,,,,,,* ....#
*,,,,,,#......#********* ....#
*,,,,,,*,,,,,,********


You could see a great orb of eyes and 2 ironbrand convokers.

Vanquished Creatures
  Jorgrun (Snake:4)
  Asterion (Lair:2)
  A sphinx (Vaults:1)
  Gastronok (D:9)
  Kirke (D:15)
  A tengu reaver (Vaults:2)
  Roxanne (Snake:4)
  8 nagarajas
  5 vault wardens
  An orc warlord (Orc:2)
  Louise (D:14)
  3 ironheart preservers
  A stone giant (Vaults:2)
  The ghost of kal9871 the Impaler, a journeyman MiMo of Ru (Lair:4)
  A vampire knight (Vaults:2)
  The ghost of Slowdrip the Severer, a journeyman HOAr of Beogh (D:11)
  Snorg (Lair:6)
  A blizzard demon (IceCv)
  A fire dragon (Vaults:1)
  6 ogre magi
  Josephine (D:14)
  A deep elf death mage (D:13)
  3 yaktaur captains
  The ghost of Soeti the Transmogrifier, a journeyman OpTm of Cheibriados (Lair:4)
  3 vault guards
  6 hydras
  2 ice dragons (D:15)
  13 naga warriors
  A merfolk avatar (Lair:6)
  2 anacondas
  A death knight (D:15)
  4 centaur warriors
  A catoblepas (Lair:4)
  An alligator (Lair:6)
  A deep troll earth mage (Vaults:2)
  Erica (D:9)
  31 two-headed ogres
  4 orc high priests (Orc:2)
  8 shock serpents
  A tengu warrior (D:15)
  19 naga sharpshooters
  A sun demon (Orc:2)
  Nergalle (Orc:1)
  4 deep elf knights
  3 skeletal warriors (Vaults:1)
  A large abomination (D:13)
  The ghost of KristoblXynda the Blocker, a novice DDFi of Makhleb (D:7)
  2 shadow wraiths
  A salamander mystic (Snake:3)
  2 flayed ghosts
  A sea snake (Lair:6)
  4 deep trolls (Vaults:2)
  5 unseen horrors
  2 naga ritualists (Snake:4)
  2 deep elf archers (Vaults:1)
  2 glowing orange brains
  7 ironbrand convokers
  A wizard (Vaults:1)
  28 ugly things
  9 orc knights
  9 orc sorcerers
  4 wolf spiders
  3 manticores
  6 deep elf magi
  3 mana vipers
  9 salamanders
  10 slime creatures
  5 cyclopes
  A salamander (shapeshifter) (D:15)
  8 vault sentinels
  A rust devil (Orc:2)
  4 guardian serpents
  9 elephants
  3 ice statues
  30 black mambas
  27 naga magi
  An orange demon (Orc:2)
  A storm dragon simulacrum (Vaults:2)
  14 spiny frogs
  4 rime drakes
  A gargoyle (D:14)
  3 komodo dragons (Lair:6)
  20 yaktaurs
  4 freezing wraiths
  13 ice devils (IceCv)
  3 polar bears (Lair:6)
  16 trolls
  A merfolk (D:10)
  4 hornets
  7 blink frogs (Lair:6)
  A wind drake (Lair:6)
  9 hippogriffs
  39 yaks
  A spriggan (Lair:6)
  3 vampires (Vaults:2)
  2 basilisks
  8 wraiths
  6 wyverns
  2 chaos spawn (Orc:2)
  7 hogs (D:15)
  Menkaure (D:4)
  3 hungry ghosts
  10 wargs
  3 acid dragons
  65 nagas
  16 water moccasins
  A soldier ant (D:13)
  44 orc warriors
  10 porcupines
  3 sky beasts
  A black bear (D:8)
  A hornet zombie (D:9)
  4 ice beasts
  3 necrophages
  A phantom (D:10)
  8 centaurs
  12 ogres
  7 boggarts
  8 crocodiles
  17 bullfrogs
  A big kobold (D:13)
  A wyvern zombie (D:14)
  A wyvern skeleton (D:6)
  A glowing shapeshifter simulacrum (Vaults:1)
  A water moccasin skeleton (D:6)
  2 scorpions
  3 killer bees (D:10)
  9 wights
  An electric eel (D:6)
  A howler monkey (D:14)
  2 bullfrog zombies
  3 centaur zombies
  9 crimson imps
  4 jellies
  2 quasits
  5 centaur skeletons
  2 human simulacra (Vaults:2)
  5 hounds
  27 orc priests
  26 orc wizards
  3 iguanas
  Natasha (D:4)
  4 worker ants
  A killer bee zombie (D:9)
  2 hound zombies
  A worker ant zombie (D:10)
  3 gnolls (D:2)
  7 adders
  4 shadow imps
  8 white imps (IceCv)
  5 ufetubi (IceCv)
  2 oozes (D:2)
  An adder zombie (D:8)
  4 worms
  A dart slug (D:2)
  7 leopard geckos
  79 orcs
  3 ball pythons
  14 bats
  3 bat zombies (D:4)
  7 giant cockroaches
  6 goblins
  3 hobgoblins
  7 jackals
  8 quokkas
  10 frilled lizards
  15 kobolds
  2 leopard gecko skeletons (D:4)
  4 rats
1061 creatures vanquished.

Vanquished Creatures (collateral kills)
  A salamander (Snake:2)
  A spiny frog (Lair:3)
  A plant (Lair:3)
3 creatures vanquished.

Vanquished Creatures (others)
  A vault warden (Vaults:2)
  A yaktaur captain (Vaults:1)
  2 naga sharpshooters (Snake:4)
  The ghost of nikopol the Thaumaturge, a journeyman DEFE of Sif Muna (IceCv)
  A salamander (Snake:1)
  A cyclops (Vaults:2)
  2 yaktaurs (Vaults:2)
  A naga (Snake:4)
  A centaur (Vaults:1)
  3 white imps (IceCv)
  2 ufetubi (IceCv)
  An orc (Vaults:1)
  4 bushes (Lair:6)
  5 fungi
  12 plants
38 creatures vanquished.

Grand Total: 1102 creatures vanquished

Notes
Turn   | Place    | Note
-------+----------+-------------------------------------------
     0 | D:1      | grizmgrazm2 the Minotaur Fighter began the quest for the Orb.
     0 | D:1      | Reached XP level 1. HP: 19/19 MP: 0/0
   202 | D:1      | Reached XP level 2. HP: 27/27 MP: 1/1
   611 | D:2      | Reached XP level 3. HP: 34/34 MP: 2/2
   615 | D:2      | Reached skill level 1 in Dodging
   674 | D:2      | Reached skill level 4 in Shields
   685 | D:2      | Reached XP level 4. HP: 17/41 MP: 3/3
   920 | D:2      | Found an iron altar of Okawaru.
   929 | D:2      | Became a worshipper of Warmaster Okawaru
  1176 | D:2      | Reached skill level 1 in Long Blades
  1311 | D:3      | Reached XP level 5. HP: 47/47 MP: 4/4
  1440 | D:3      | Found a shimmering altar of Xom.
  1525 | D:3      | Reached XP level 6. HP: 55/55 MP: 5/5
  1649 | D:3      | Reached skill level 5 in Long Blades
  1754 | D:4      | Reached * piety under Okawaru
  2017 | D:4      | Reached XP level 7. HP: 53/60 MP: 6/6
  2193 | D:4      | Found an ancient bone altar of Kikubaaqudgha.
  2310 | D:4      | Noticed Natasha
  2316 | D:4      | Killed Natasha
  2478 | D:4      | Noticed Menkaure
  2485 | D:4      | Killed Menkaure
  2605 | D:5      | Entered Level 5 of the Dungeon
  2623 | D:5      | Found an opulent altar of Gozag.
  2951 | D:5      | Gained mutation: Your body sometimes deteriorates upon taking damage. [mutagenic meat]
  2952 | D:5      | Gained mutation: You are agile. (Dex +2) [mutagenic meat]
  2953 | D:5      | Gained mutation: You are surrounded by a mild repulsion field. (EV +2) [mutagenic meat]
  2954 | D:5      | Gained mutation: Your mind is acute. (Int +2) [mutagenic meat]
  2955 | D:5      | Gained mutation: Your body often deteriorates upon taking damage. [mutagenic meat]
  3187 | D:5      | Found a glowing drain.
  3200 | Sewer    | Entered a sewer
  3238 | Sewer    | Reached XP level 8. HP: 52/67 MP: 7/7
  3354 | D:5      | Reached ** piety under Okawaru
  3354 | D:5      | Reached skill level 10 in Long Blades
  3421 | D:5      | Found a staircase to the Ecumenical Temple.
  3607 | D:6      | Found Hirrosmi's Weapon Shoppe.
  4012 | D:6      | Found Eschaut's Antique Armour Emporium.
  4042 | D:6      | Found a sacrificial altar of Ru.
  4059 | D:6      | Found a bloodstained altar of Trog.
  4077 | D:6      | Found a glowing silver altar of Zin.
  4127 | D:6      | Found Puecen's Antique Weapon Boutique.
  4196 | D:6      | Found Oxeen's Distillery.
  4204 | D:6      | Bought a potion of degeneration for 10 gold pieces
  4204 | D:6      | Bought a potion of heal wounds for 50 gold pieces
  4204 | D:6      | Bought a potion of heal wounds for 50 gold pieces
  4204 | D:6      | Bought a potion of heal wounds for 50 gold pieces
  4204 | D:6      | Bought a potion of flight for 30 gold pieces
  4204 | D:6      | Bought 2 potions of berserk rage for 100 gold pieces
  4205 | D:6      | Lost mutation: Your mind is acute. (Int +2) [potion of mutation]
  4205 | D:6      | Lost mutation: Your body often deteriorates upon taking damage. [potion of mutation]
  4205 | D:6      | Lost mutation: You are agile. (Dex +2) [potion of mutation]
  4205 | D:6      | Gained mutation: You are partially covered in rugged brown scales. (AC +1, +3% HP) [potion of mutation]
  4205 | D:6      | Gained mutation: You are partially covered in molten scales. (AC +2) [potion of mutation]
  4206 | D:6      | Lost mutation: You are partially covered in rugged brown scales. (AC +1, +3% HP) [potion of mutation]
  4206 | D:6      | Lost mutation: Your body sometimes deteriorates upon taking damage. [potion of mutation]
  4206 | D:6      | Gained mutation: Your magical capacity is low. (-10% MP) [potion of mutation]
  4206 | D:6      | Gained mutation: You are partially covered in thin metallic scales. (AC +2) [potion of mutation]
  4206 | D:6      | Gained mutation: Your mind is acute. (Int +2) [potion of mutation]
  4403 | D:7      | Noticed KristoblXynda's ghost (novice DDFi)
  4425 | D:7      | Killed KristoblXynda's ghost
  4425 | D:7      | Reached XP level 9. HP: 65/73 MP: 7/7
  4530 | D:7      | Found a deep blue altar of Sif Muna.
  4554 | D:7      | Found a glowing golden altar of the Shining One.
  5026 | D:8      | Reached *** piety under Okawaru
  5263 | D:8      | Found a sparkling altar of Nemelex Xobeh.
  5275 | D:8      | Reached skill level 5 in Fighting
  5792 | D:9      | Noticed a troll
  5798 | D:9      | Killed a troll
  5798 | D:9      | Reached **** piety under Okawaru
  5798 | D:9      | Reached skill level 5 in Shields
  5799 | D:9      | Noticed Erica
  5805 | D:9      | Killed Erica
  5805 | D:9      | Reached skill level 5 in Armour
  5805 | D:9      | Reached XP level 10. HP: 57/84 MP: 8/8
  5810 | D:9      | Found a shattered altar of Ashenzari.
  5886 | D:9      | Noticed Gastronok
  5890 | D:9      | Noticed a two-headed ogre
  5902 | D:9      | Killed Gastronok
  5902 | D:9      | Reached ***** piety under Okawaru
  5902 | D:9      | Reached skill level 7 in Shields
  5911 | D:9      | Killed a two-headed ogre
  5911 | D:9      | Reached skill level 8 in Shields
  6109 | D:9      | Received a gift from Okawaru
  6118 | D:9      | Got a scorched plate armour {god gift}
  6129 | D:9      | Identified the +0 plate armour of Peurygi {rElec rN+ rCorr Dex-3 Stlth+} (Okawaru gifted it to you on level 9 of the Dungeon)
  6297 | D:9      | Found Fukkim's General Store.
  6438 | D:9      | Found a radiant altar of Vehumet.
  6593 | D:10     | Entered Level 10 of the Dungeon
  6620 | D:10     | Reached skill level 9 in Shields
  6706 | D:10     | Found a staircase to the Lair.
  6710 | D:10     | Reached XP level 11. HP: 94/94 MP: 8/8
  7416 | D:11     | Noticed Slowdrip's ghost (journeyman HOAr)
  7431 | D:11     | Killed Slowdrip's ghost
  7431 | D:11     | Reached skill level 10 in Shields
  7431 | D:11     | Reached skill level 1 in Invocations
  7710 | D:11     | Killed an unseen horror
  7778 | D:11     | Noticed a seven-headed hydra
  7787 | D:11     | Killed a five-headed hydra
  8435 | D:12     | Reached skill level 11 in Shields
  8444 | D:12     | Found a staircase to the Orcish Mines.
  8518 | D:12     | Found Reiraciosch's Food Shoppe.
  8526 | D:12     | Bought a meat ration for 50 gold pieces
  8526 | D:12     | Bought a meat ration for 50 gold pieces
  8526 | D:12     | Bought a meat ration for 50 gold pieces
  8526 | D:12     | Bought a meat ration for 50 gold pieces
  8526 | D:12     | Bought a meat ration for 50 gold pieces
  8526 | D:12     | Bought a meat ration for 50 gold pieces
  8526 | D:12     | Bought a meat ration for 50 gold pieces
  8526 | D:12     | Bought a royal jelly for 20 gold pieces
  8526 | D:12     | Bought a royal jelly for 20 gold pieces
  8526 | D:12     | Bought a royal jelly for 20 gold pieces
  8526 | D:12     | Bought a bread ration for 50 gold pieces
  8526 | D:12     | Bought 2 fruits for 30 gold pieces
  8526 | D:12     | Bought a fruit for 15 gold pieces
  8618 | D:12     | Gained mutation: Your body sometimes deteriorates upon taking damage. [mutagenic meat]
  8619 | D:12     | Gained mutation: You evolve. [mutagenic meat]
  8620 | D:12     | Lost mutation: Your body sometimes deteriorates upon taking damage. [mutagenic meat]
  8705 | D:12     | Noticed a green ugly thing
  8716 | D:12     | Killed a green ugly thing
  8716 | D:12     | Reached ****** piety under Okawaru
  8744 | D:12     | Noticed an unseen horror
  8754 | D:12     | Killed an unseen horror
  8824 | D:12     | Noticed a brown ugly thing
  8833 | D:12     | Killed a brown ugly thing
  8833 | D:12     | Reached XP level 12. HP: 105/105 MP: 12/12
  9176 | D:13     | Received a gift from Okawaru
  9351 | D:13     | Noticed a two-headed ogre
  9352 | D:13     | Noticed a centaur warrior
  9353 | D:13     | Noticed a two-headed ogre
  9363 | D:13     | Noticed an ogre mage
  9366 | D:13     | Killed a two-headed ogre
  9366 | D:13     | Reached skill level 15 in Long Blades
  9374 | D:13     | Killed a centaur warrior
  9384 | D:13     | Killed an ogre mage
  9384 | D:13     | Reached skill level 12 in Shields
  9393 | D:13     | Killed a two-headed ogre
  9406 | D:13     | Found a gate to the Vaults.
  9551 | D:13     | Reached skill level 10 in Fighting
  9555 | D:13     | Reached skill level 1 in Throwing
  9707 | D:14     | Noticed Louise
  9711 | D:14     | Reached skill level 5 in Invocations
  9876 | D:14     | Killed Louise
  9905 | D:14     | Noticed Josephine
  9917 | D:14     | Killed Josephine
  9921 | D:14     | Reached skill level 1 in Polearms
  9958 | D:14     | Received a gift from Okawaru
 10165 | D:14     | Reached skill level 13 in Shields
 10462 | D:15     | Entered Level 15 of the Dungeon
 10550 | D:11     | Reached XP level 13. HP: 88/114 MP: 12/14
 10581 | Lair:1   | Entered Level 1 of the Lair of Beasts
 11476 | Lair:2   | Received a gift from Okawaru
 11489 | Lair:2   | Found a staircase to the Shoals.
 11645 | Lair:2   | Found a staircase to the Snake Pit.
 12070 | Lair:3   | Reached skill level 10 in Armour
 12363 | Lair:3   | Lost mutation: Your mind is acute. (Int +2) [evolution]
 12363 | Lair:3   | Lost mutation: You evolve. [end of evolution]
 12471 | Lair:3   | Received a gift from Okawaru
 12806 | Lair:4   | Noticed Soeti's ghost (journeyman OpTm)
 12846 | Lair:4   | Killed Soeti's ghost
 12892 | Lair:4   | Reached skill level 14 in Shields
 13372 | Lair:4   | Noticed kal9871's ghost (journeyman MiMo)
 13391 | Lair:4   | Killed kal9871's ghost
 13813 | Lair:5   | Received a gift from Okawaru
 14543 | Lair:6   | Entered Level 6 of the Lair of Beasts
 14599 | Lair:6   | Reached XP level 14. HP: 111/125 MP: 14/16
 14762 | Lair:6   | Received a gift from Okawaru
 14762 | Lair:6   | Reached skill level 15 in Shields
 14832 | Lair:6   | Found a viscous altar of Jiyva.
 14833 | Lair:6   | Found a staircase to the Slime Pits.
 15218 | Lair:6   | Received a gift from Okawaru
 15230 | Lair:6   | Noticed Snorg
 15254 | Lair:6   | Killed Snorg
 16294 | Orc:1    | Entered Level 1 of the Orcish Mines
 16294 | Orc:1    | Noticed Nergalle
 16318 | Orc:1    | Killed Nergalle
 16421 | Orc:1    | Paralysed by an orc sorcerer for 4 turns
 16489 | Orc:1    | Found a roughly hewn altar of Beogh.
 16648 | Orc:2    | Entered Level 2 of the Orcish Mines
 16648 | Orc:2    | Found a staircase to the Elven Halls.
 16702 | Orc:2    | Received a gift from Okawaru
 16848 | Orc:2    | Paralysed by an orc sorcerer for 7 turns
 16897 | Orc:2    | Found Reufikk's Magic Scroll Emporium.
 16919 | Orc:2    | Found Vuuv's Distillery.
 17224 | Orc:2    | Bought a scroll of identify for 28 gold pieces
 17224 | Orc:2    | Bought a scroll of identify for 28 gold pieces
 17224 | Orc:2    | Bought a scroll of vulnerability for 105 gold pieces
 17224 | Orc:2    | Bought a scroll of enchant armour for 105 gold pieces
 17284 | Orc:2    | Bought a potion of ambrosia for 112 gold pieces
 17284 | Orc:2    | Bought a potion of curing for 42 gold pieces
 17284 | Orc:2    | Bought a potion of curing for 42 gold pieces
 17547 | Orc:2    | Received a gift from Okawaru
 17551 | Orc:2    | Reached XP level 15. HP: 122/132 MP: 13/18
 17556 | Orc:2    | Found Plog's Antique Weapon Shop.
 17556 | Orc:2    | Found Jacan's Gadget Boutique.
 17556 | Orc:2    | Found a one-way gate leading to the halls of Pandemonium.
 17834 | Orc:1    | Noticed an orc warlord
 18086 | Orc:2    | Killed an orc warlord
 18831 | D:15     | Found a staircase to the Depths.
 19235 | D:15     | Noticed Kirke
 19359 | D:15     | Killed Kirke
 19375 | D:15     | Found a shadowy altar of Dithmenos.
 19653 | D:15     | Received a gift from Okawaru
 19669 | D:15     | Reached skill level 16 in Shields
 19685 | D:15     | Got a crude scarf {god gift}
 19691 | D:15     | Identified the scarf "Wucyhog" {Regen+} (Okawaru gifted it to you on level 15 of the Dungeon)
 20383 | Snake:1  | Entered Level 1 of the Snake Pit
 20466 | Snake:1  | Noticed Asterion
 20496 | Lair:2   | Killed Asterion
 20818 | Snake:1  | Reached skill level 17 in Shields
 20853 | Snake:1  | Found a frozen archway.
 20875 | IceCv    | Entered an ice cave
 21074 | IceCv    | Killed nikopol's ghost
 21112 | IceCv    | Got a pair of distressingly furry gloves
 21190 | IceCv    | Received a gift from Okawaru
 21270 | IceCv    | Identified the cursed +0 pair of gloves of Tyti {rPois rC+} (You found it in an ice cave)
 21841 | Snake:1  | Reached XP level 16. HP: 137/139 MP: 17/19
 22285 | Snake:2  | Got a twisted dagger
 22467 | Snake:2  | Reached skill level 18 in Shields
 22837 | Snake:2  | Identified the +6 dagger of the Original Sin {pierce, rC- Str+3 Int+4} (You found it on level 2 of the Snake Pit)
 22996 | Snake:4  | Entered Level 4 of the Snake Pit
 23270 | Snake:3  | Found Wiraacif's Magic Scroll Emporium.
 23279 | Snake:3  | Bought a scroll of recharging for 161 gold pieces
 23279 | Snake:3  | Bought a scroll of enchant armour for 127 gold pieces
 23279 | Snake:3  | Bought 2 scrolls of remove curse for 102 gold pieces
 23279 | Snake:3  | Bought a scroll of enchant weapon for 127 gold pieces
 23279 | Snake:3  | Bought a scroll of enchant armour for 127 gold pieces
 24007 | Snake:3  | Reached skill level 19 in Shields
 24264 | Snake:4  | Received a gift from Okawaru
 24573 | Lair:1   | Identified a +1 pair of boots of running (Okawaru gifted it to you on level 4 of the Snake Pit)
 24679 | Snake:4  | Reached skill level 5 in Dodging
 25415 | Snake:4  | Noticed Roxanne
 25450 | Snake:4  | Killed Roxanne
 25949 | Snake:4  | Reached XP level 17. HP: 47/146 MP: 4/20
 25960 | Snake:4  | Received a gift from Okawaru
 25961 | Snake:4  | Found the +2 robe of Vines {NoPotionHeal Regen+7}
 26389 | Snake:4  | Reached skill level 20 in Shields
 26606 | Snake:4  | Found Cayd's Jewellery Emporium.
 26607 | Snake:4  | Found Nuzuawk's Gadget Shop.
 26615 | Snake:4  | Found Hoteh's Jewellery Emporium.
 26634 | Snake:4  | Noticed Jorgrun
 26654 | Snake:4  | Killed Jorgrun
 26738 | Snake:4  | Got a serpentine rune of Zot
 27566 | Vaults:1 | Entered Level 1 of the Vaults
 27971 | Vaults:1 | Reached skill level 21 in Shields
 27985 | Vaults:1 | Paralysed by an ogre mage for 5 turns
 28005 | Vaults:1 | Paralysed by an ogre mage for 4 turns
 28009 | Vaults:1 | HP: 4/149 [freezing wraith (9)]
 28678 | Vaults:1 | Paralysed by an ogre mage for 2 turns
 28684 | Vaults:1 | Received a gift from Okawaru
 28685 | Vaults:1 | Got an ivory triple sword {god gift}
 28752 | D:13     | Reached XP level 18. HP: 102/157 MP: 9/21
 28852 | D:13     | Reached skill level 10 in Invocations
 29246 | Vaults:1 | Found Guaxzigh's Antique Armour Boutique.
 29442 | Vaults:1 | Received a gift from Okawaru
 29711 | Vaults:1 | Identified Lom Lobon's Handbook of Battle Magic
 30056 | Vaults:2 | Reached skill level 22 in Shields
 30966 | Vaults:2 | Found a staircase to the Crypt.
 30971 | Vaults:2 | Paralysed by a vampire knight for 2 turns
 31043 | Vaults:2 | Paralysed by a great orb of eyes for 6 turns
 31049 | Vaults:2 | Slain by an ironbrand convoker

Vault maps used:
D:1:      ncdulo_watergridlock
D:2:      okawaru_ov_weapons_minmay
D:3:      led_xom_imps
D:4:      lemuel_zombie_altar_kikubaaqudgha, first_bread, lemuel_another_geyser,
          uniq_natasha, uniq_menkaure
D:5:      minmay_temple_entry_enclosed_plants, portal_sewer_entry_d,
          grunt_gozag_breadcrumbs
D:6:      gammafunk_temple_overflow_forgotten, serial_shops, shop, shop, shop,
          shop, water_maze_lemuel
D:7:      lemuel_crystal_altar, lemuel_doored_altar
D:8:      nemelex_xobeh_ov_fountains_minmay
D:9:      marbit_many_paths, evilmike_ruin_ashenzari, serial_shops,
          shop_fountains, uniq_gastronok, uniq_erica
D:10:     erik_lair_orcish_takeover, hangedman_fish_farm
D:12:     minmay_orc_entry_guard_dogs, serial_shops, shop_fountains,
          hangedman_glass_teeth
D:13:     david_vaults_2
D:14:     kennysheep_generic_room_14, uniq_josephine, uniq_louise
D:15:     grunt_enter_depths_hoard, minmay_misc_feat_plants,
          nicolae_dithmenos_through_a_glass_darkly, uniq_kirke
Lair:2:   minmay_shoals_entry_beasts, minmay_snake_entry_guardpost_small
Lair:6:   gammafunk_lair_ancient_temple, slime_altar_1,
          grunt_forest_large_clearing_hut, uniq_snorg
Snake:1:  portal_ice_cave_entry_pillars_2, grunt_megastairs_3, uniq_asterion
Snake:2:  nicolae_snake_squiggles
Snake:3:  serial_shops, nicolae_shop_statue_plus, serial_bayou_shore_b
Snake:4:  snake_pit, st_stairs_4, dpeg_stationary_puzzle, minmay_shop_grove,
          uniq_roxanne, uniq_jorgrun
Orc:1:    mines1_david, uniq_nergalle
Orc:2:    pf_orc_diabolical
Vaults:1: vaults_room_boxed, grunt_vaults_bifocal, hangedman_vaults_impose,
          hangedman_vaults_stitches, v_misc_5, hangedman_vaults_hat,
          v_pattern_2, v_misc_2, ontoclasm_vaults_fault,
          nicolae_vaults_diagonal_hallway_7, vaults_room_ringed_pool,
          nicolae_vaults_little_squares_6, serial_shops, nicolae_shop_stone
Vaults:2: nicolae_vaults_network_quinsquares, v_alt_pattern_4, vaults_mumra_hex,
          minmay_crypt_entry_vampire_xt, v_misc_31,
          nicolae_vaults_yaktaur_gun_rack, v_rooms_3, v_alt_pattern_6,
          hangedman_vaults_impose, vaults_room_large_hall,
          vaults_room_door_ring, v_alt_pattern_1, grunt_vaults_hallway_short,
          vaults_dpeg_diagonal
Sewer:    sewer_big_baddie
IceCv:    ice_cave_small_demon

Skill      XL: |  1  2  3  4  5  6  7  8  9 10 11 12 13 14 15 16 17 18 |
---------------+-------------------------------------------------------+-----
Fighting       | 4 6 8 9 10 11 12 13 14 | 14.4
Dodging        | 1 3 4 5 |  5.4
Shields        | 4 5 9 11 13 14 15 17 19 21 22 | 22.6
Axes           | 3 |  3.1
Armour         | 4 5 7 8 9 10 11 12 13 14 | 14.1
Long Blades    | 2 4 7 9 12 14 15 18 20 21 | 21.1
Invocations    | 3 6 7 8 9 10 | 10.1
Throwing       | 1 |  1.5
Polearms       | 2 4 |  4.2
Stealth        | |  0.9
Evocations     | |  0.6

Action                   |  1- 3 |  4- 6 |  7- 9 | 10-12 | 13-15 | 16-18 || total
-------------------------+-------+-------+-------+-------+-------+-------++-------
Melee: War axe           |    55 |    24 |       |       |       |       ||    79
       Headbutt          |     8 |    26 |    67 |   138 |   394 |   436 ||  1069
       Falchion          |       |    92 |   318 |   547 |   430 |       ||  1387
       Scimitar          |       |       |       |    51 |   191 |       ||   242
       Demon trident     |       |       |       |    50 |    26 |       ||    76
       Glaive            |       |       |       |       |    33 |       ||    33
       Double sword      |       |       |       |       |   726 |       ||   726
       Great sword       |       |       |       |       |    33 |       ||    33
       Demon blade       |       |       |       |       |   182 |  1762 ||  1944
Throw: Tomahawk          |     7 |       |       |     5 |       |       ||    12
Invok: Heroism           |       |       |       |     1 |     9 |    14 ||    24
       Finesse           |       |       |       |       |     9 |    13 ||    22
 Abil: Evoke Berserk Rag |       |       |       |     1 |       |       ||     1
Evoke: Wand              |       |       |       |       |    14 |     2 ||    16
  Use: Potion            |       |       |     7 |     7 |    26 |     5 ||    45
       Scroll            |       |       |    18 |     9 |    27 |    26 ||    80
 Stab: Confused          |       |       |       |       |     1 |       ||     1
       Distracted        |       |       |       |       |       |     1 ||     1
  Eat: Chunk             |       |     4 |    14 |    15 |    24 |    11 ||    68
       Fruit             |       |       |     1 |     4 |     8 |    10 ||    23
       Bread ration      |       |       |     1 |       |       |       ||     1
       Royal jelly       |       |       |       |     2 |     3 |     3 ||     8
       Meat ration       |       |       |       |       |       |     1 ||     1
Armor: Scale mail        |    29 |    43 |       |       |       |       ||    72
       Plate armour      |       |     6 |   145 |   206 |   415 |   284 ||  1056
Dodge: Dodged            |    21 |    28 |    49 |   100 |   280 |   239 ||   717
Block: Shield            |    25 |    58 |    61 |       |       |       ||   144
       Large shield      |       |       |   104 |   525 |  1512 |  1854 ||  3995
       Reflection        |       |       |       |     6 |    42 |   213 ||   261
       Rpst.: Falchion   |       |     3 |    19 |    17 |    20 |       ||    59
       Scimitar          |       |       |       |     2 |     8 |       ||    10
       Double sword      |       |       |       |       |    23 |       ||    23
       Great sword       |       |       |       |       |     9 |       ||     9
       Demon blade       |       |       |       |       |     7 |    42 ||    49

Table legend:
 A = Spawn XP
 B = Non-spawn XP
 C = Spawn XP percentage of total XP
 D = Spawn monster count
 E = Non-spawn monster count
 F = Spawn count percentage of total count
 G = Total turns spent on level
                    A         B        C        D         E        F      G
               +---------+---------+-------+---------+---------+-------+---------
         Total |       0 |  361121 |   0.0 |       0 |    1074 |   0.0 | 31049
               +---------+---------+-------+---------+---------+-------+---------
           D:1 |       0 |      26 |   0.0 |       0 |      17 |   0.0 |   570
           D:2 |       0 |     132 |   0.0 |       0 |      36 |   0.0 |   739
           D:3 |       0 |     303 |   0.0 |       0 |      19 |   0.0 |   441
           D:4 |       0 |     688 |   0.0 |       0 |      23 |   0.0 |   855
           D:5 |       0 |     362 |   0.0 |       0 |      20 |   0.0 |   916
           D:6 |       0 |     403 |   0.0 |       0 |      12 |   0.0 |   793
           D:7 |       0 |    1282 |   0.0 |       0 |      16 |   0.0 |   596
           D:8 |       0 |    1046 |   0.0 |       0 |      17 |   0.0 |   753
           D:9 |       0 |    6098 |   0.0 |       0 |      31 |   0.0 |   844
          D:10 |       0 |    2775 |   0.0 |       0 |      27 |   0.0 |   969
          D:11 |       0 |    4477 |   0.0 |       0 |      19 |   0.0 |   918
          D:12 |       0 |    6068 |   0.0 |       0 |      43 |   0.0 |  1166
          D:13 |       0 |   31019 |   0.0 |       0 |      62 |   0.0 |  1709
          D:14 |       0 |    9008 |   0.0 |       0 |      23 |   0.0 |   738
          D:15 |       0 |   24196 |   0.0 |       0 |      53 |   0.0 |  1640
        Lair:1 |       0 |    1901 |   0.0 |       0 |      10 |   0.0 |   852
        Lair:2 |       0 |   10194 |   0.0 |       0 |      30 |   0.0 |   960
        Lair:3 |       0 |    4130 |   0.0 |       0 |      20 |   0.0 |   724
        Lair:4 |       0 |    7597 |   0.0 |       0 |      17 |   0.0 |  1129
        Lair:5 |       0 |    4531 |   0.0 |       0 |      20 |   0.0 |   773
        Lair:6 |       0 |   20215 |   0.0 |       0 |      57 |   0.0 |  1599
       Snake:1 |       0 |   12674 |   0.0 |       0 |      26 |   0.0 |   664
       Snake:2 |       0 |   10851 |   0.0 |       0 |      30 |   0.0 |   916
       Snake:3 |       0 |   20736 |   0.0 |       0 |      45 |   0.0 |  1529
       Snake:4 |       0 |   58445 |   0.0 |       0 |      90 |   0.0 |  2733
         Orc:1 |       0 |    2853 |   0.0 |       0 |      15 |   0.0 |   420
         Orc:2 |       0 |   22702 |   0.0 |       0 |     115 |   0.0 |  1498
      Vaults:1 |       0 |   56168 |   0.0 |       0 |      97 |   0.0 |  1799
      Vaults:2 |       0 |   34299 |   0.0 |       0 |      49 |   0.0 |   766
         Sewer |       0 |     107 |   0.0 |       0 |       6 |   0.0 |    86
         IceCv |       0 |    5835 |   0.0 |       0 |      29 |   0.0 |   954
               +---------+---------+-------+---------+---------+-------+---------
